 Dungeon Crawl Stone Soup version 0.23.1-37-gaa34b87 (webtiles) character file.

Game seed: 5048746904410428401

606 Jeezuz the Skirmisher (level 7, -6/61 HPs)
             Began as a Yellow Draconian Berserker on Mar 20, 2019.
             Was a Priest of Trog.
             Killed by divine providence
             ... invoked by an orc priest
              (13 damage)
             ... on level 6 of the Dungeon.
             The game lasted 00:07:44 (4211 turns).

Jeezuz the Skirmisher (Yellow Draconian Berserker)  Turns: 4211, Time: 00:07:44

Health: -6/61      AC:  9    Str: 21    XL:     7   Next: 19%
Magic:  7/7        EV: 13    Int:  7    God:    Trog [***...]
Gold:   236        SH:  3    Dex: 11    Spells: 6/6 levels left

rFire    . . .     SeeInvis .   a - +1 whip (venom)
rCold    . . .     Gourm    .   w - +0 buckler
rNeg     + . .     Faith    .   (armour unavailable)
rPois    .         Spirit   .   s - +2 hat
rElec    .         Reflect  .   (no cloak)
rCorr    +         Harm     .   t - +0 pair of gloves
MR       .....                  (no boots)
Stlth    +.........             (no amulet)
HPRegen  0.20/turn              j - ring of positive energy
MPRegen  0.10/turn              (no ring)

@: no status effects
A: spit acid, unfitting armour, cold-blooded, acid resistance, AC +6
a: Breathe Acid, Berserk, Trog's Hand, Renounce Religion


You were on level 6 of the Dungeon.
You worshipped Trog.
Trog was most pleased with you.
You were not hungry.

You visited 1 branch of the dungeon, and saw 6 of its levels.

You collected 236 gold pieces.

Inventory:

Hand Weapons
 a - a +1 whip of venom (weapon)
 d - a +4 dagger
 n - a +0 mace
Missiles
 g - 2 throwing nets (quivered)
 q - 8 javelins
Armour
 s - a +2 hat (worn)
 t - a +0 pair of gloves (worn)
 w - a +0 buckler (worn)
Jewellery
 c - an uncursed ring of protection from cold
 j - a ring of positive energy (left hand)
 m - an uncursed ring of protection from cold
Scrolls
 e - 2 scrolls of teleportation {unknown}
 f - a scroll of immolation {unknown}
 h - 4 scrolls of remove curse {unknown}
 i - a scroll of blinking {unknown}
 k - 2 scrolls of identify {unknown}
 u - 2 scrolls of enchant weapon {unknown}
Potions
 l - a potion of flight {unknown}
 o - a potion of lignification {unknown}
 p - a potion of heal wounds
 r - a potion of degeneration {unknown}
 v - 2 potions of curing {unknown}
Comestibles
 b - 7 rations


   Skills:
 + Level 5.4 Fighting
 - Level 0.4 Short Blades
 + Level 5.4 Maces & Flails
 + Level 4.8 Dodging
 * Level 1.3 Shields


You had 6 spell levels left.
You didn't know any spells.
Your spell library was empty.

Dungeon Overview and Level Annotations

Branches:
Dungeon (6/15)
 Temple: D:4-7

Altars:
Ashenzari
Elyvilon
Vehumet


Innate Abilities, Weirdness & Mutations

You can spit globs of acid.
Your golden yellow scales are hard. (AC +6)
You cannot fit into any form of body armour.
You are cold-blooded and may be slowed by cold attacks.
You are resistant to acid. (rCorr)


Message History

The orc priest calls down the wrath of Beogh upon you.
Pain shoots through your body!
* * * LOW HITPOINT WARNING * * *
The centaur wields a +0 shortbow.
The centaur shoots an arrow.
The arrow hits you.
* * * LOW HITPOINT WARNING * * *
The orc priest hits you with a +0 flail.
* * * LOW HITPOINT WARNING * * *
You see here an arrow.
The centaur shoots an arrow.
The arrow hits you!
* * * LOW HITPOINT WARNING * * *
The teleport trap disappears.
The orc disappears!
The orc reappears nearby!
The centaur shoots an arrow.
The arrow closely misses you.
The arrow barely misses the orc priest.
Unknown command.
The orc priest casts a cantrip, but nothing happens.
The orc hits you but does no damage.
The orc priest calls down the wrath of Beogh upon you.
Beogh smites you!
You die...

## .#########..
..........##.
#...?.#..#...
#.####..o..#....#
#....@.o.......#
...#####r.oo.....#
..c.....(.....####
.#####W...........
#.......<...#..
....oY...........
........#........
.#......#......##
........#........


You could see a phantom, an ice beast, 3 orc priests, an orc and a quokka.

Vanquished Creatures
  Sigmund (D:2)
  A water moccasin (D:5)
  A jelly (D:5)
  A hound (D:5)
  A worker ant zombie (D:5)
  8 gnolls
  6 adders
  2 oozes
  5 worms
  4 dart slugs
  3 leopard geckos
  7 orcs (D:3)
  A giant cockroach (D:1)
  10 hobgoblins
  8 jackals
  A quokka (D:5)
  A ball python (D:2)
  11 bats
  9 frilled lizards
  10 goblins
  13 kobolds
  4 rats
  A plant (D:4)
109 creatures vanquished.

Notes
Turn   | Place    | Note
-------+----------+-------------------------------------------
     0 | D:1      | Jeezuz the Draconian Berserker began the quest for the Orb.
     0 | D:1      | Reached XP level 1. HP: 19/19 MP: 1/1
    19 | D:1      | You fall through a shaft!
   255 | D:1      | Reached XP level 2. HP: 24/26 MP: 2/2
   672 | D:1      | Reached XP level 3. HP: 27/33 MP: 3/3
   891 | D:1      | Reached ** piety under Trog
  1318 | D:2      | Reached XP level 4. HP: 40/40 MP: 4/4
  1738 | D:2      | Reached *** piety under Trog
  2293 | D:2      | Noticed Sigmund
  2306 | D:2      | Killed Sigmund
  2306 | D:2      | Reached skill level 5 in Fighting
  2306 | D:2      | Reached XP level 5. HP: 48/48 MP: 5/5
  2306 | D:2      | Reached XP level 6. HP: 56/56 MP: 6/6
  2368 | D:2      | Found a radiant altar of Vehumet.
  2479 | D:2      | Found a faded altar of an unknown god.
  3300 | D:3      | Found a white marble altar of Elyvilon.
  3395 | D:3      | Found a shattered altar of Ashenzari.
  3795 | D:4      | You fall through a shaft!
  3795 | D:5      | Entered Level 5 of the Dungeon
  3841 | D:5      | Noticed a water moccasin
  3854 | D:5      | Killed a water moccasin
  3854 | D:5      | Reached skill level 5 in Maces & Flails
  3854 | D:5      | Reached skill level 1 in Shields
  3854 | D:5      | Your scales start taking on a golden yellow colour.
  3854 | D:5      | Reached XP level 7. HP: 61/61 MP: 7/7
  3854 | D:5      | Gained mutation: You are resistant to acid. (rCorr) [Yellow
                  | Draconian growth]
  4211 | D:6      | Killed from afar by an orc priest

Skill      XL: |  1  2  3  4  5  6 |
---------------+-------------------+-----
Dodging        | 3 4 |  4.8
Fighting       | 4 5 |  5.4
Maces & Flails | 4 5 |  5.4
Shields        | 1 |  1.3
Short Blades   | |  0.4

Action                   |  1- 3 |  4- 6 |  7- 9 || total
-------------------------+-------+-------+-------++-------
Melee: Mace              |    24 |       |       ||    24
       Tailslap          |    12 |    28 |     2 ||    42
       Dagger            |    61 |    42 |    21 ||   124
       Whip              |       |   183 |       ||   183
Invok: Berserk           |     3 |     2 |       ||     5
       Trog's Hand       |       |     1 |       ||     1
  Use: Potion            |       |     1 |     1 ||     2
 Stab: Sleeping          |       |     1 |       ||     1
  Eat: Chunk             |     3 |    10 |     2 ||    15
Armor: Skin              |    28 |    68 |    14 ||   110
Dodge: Dodged            |    62 |   134 |    21 ||   217
Block: Buckler           |       |     6 |     7 ||    13
